 Dungeon Crawl Stone Soup version 0.30-a0-587-gfd7c166f36 (webtiles) character file.

Game seed: 10715873334918648521

580 M4edhros the Charlatan (level 7, -2/50 HPs)
             Began as an Octopode Artificer on Jan 4, 2023.
             Was a Follower of Cheibriados.
             Shot with an arrow by a centaur (7 damage)
             ... on level 5 of the Dungeon.
             The game lasted 00:04:43 (2611 turns).

M4edhros the Charlatan (Octopode Artificer)         Turns: 2611, Time: 00:04:43

Health: -2/50      AC:  1    Str: 14    XL:     7   Next: 36%
Magic:  7/7        EV: 15    Int: 23    God:    Cheibriados [*.....]
Gold:   131        SH:  0    Dex: 17    Spells: 6/6 levels left

rFire   . . .      SeeInvis .      - Unarmed
rCold   . . .      Faith    .    (no shield)
rNeg    . . .      Spirit   .    (helmet restricted)
rPois   .          Reflect  .    (no amulet)
rElec   .          Harm     .    f - ring of resist corrosion
rCorr   +          Rampage  .    p - +6 ring of intelligence
Will    .....                    (no ring)
Stlth   ++++                     (no ring)
HPRegen 0.28/turn                (no ring)
MPRegen 0.10/turn                (no ring)
                                 (no ring)
                                 (no ring)

@: very slow
A: almost no armour, amphibious, 8 rings, camouflage 1, gelatinous body 1,
(nimble swimmer 1), tentacles, robust 1, screaming 1, wild magic 1, noise
suppression
a: Renounce Religion, Bend Time


You were on level 5 of the Dungeon.
You worshipped Cheibriados.
Cheibriados was aware of your devotion.
You visited 2 branches of the dungeon, and saw 6 of its levels.

You collected 131 gold pieces.

Inventory:

Missiles
 a - 3 poisoned darts
 i - 5 curare-tipped darts
 o - 2 silver javelins
Jewellery
 f - a ring of resist corrosion (left tentacle)
 p - a +6 ring of intelligence (right tentacle)
Wands
 b - a wand of flame (13) (quivered)
 c - a wand of charming (8)
 d - a wand of iceblast (1)
Scrolls
 e - a scroll of fear {unknown}
 g - a scroll of acquirement {unknown}
 j - a scroll of fog {unknown}
 k - 4 scrolls of identify {unknown}
 l - a scroll of poison {unknown}
 m - a scroll of amnesia {unknown}
 n - a scroll of immolation {unknown}
 q - 2 scrolls of teleportation {unknown}
Potions
 h - 2 potions of curing {unknown}


   Skills:
 + Level 3.0 Fighting
 + Level 3.9 Dodging
 + Level 4.4 Stealth
 * Level 4.2 Unarmed Combat
 + Level 4.7 Evocations


You had 6 spell levels left.
You didn't know any spells.
Your spell library contained the following spells:

 Spells                   Type           Power      Damage    Failure   Level
 Freezing Cloud           Conj/Ice/Air   0%         6-21      99%         5
 Simulacrum               Ice/Necr       0%         N/A       100%        6
 Polar Vortex             Ice            0%         N/A       100%        9


Dungeon Overview and Level Annotations

Branches:
Dungeon (5/15)             Temple (1/1) D:5

Altars:
Cheibriados
Elyvilon
Gozag
Kikubaaqudgha
Makhleb
Nemelex Xobeh
Okawaru
Qazlal
Sif Muna
Trog
Vehumet
Wu Jian
Xom
Yredelemnul
Zin

Shops:
D:1 !

Annotations:
D:3 Sigmund


Innate Abilities, Weirdness & Mutations

You cannot wear most types of armour.
You are amphibious.
You can wear up to eight rings at the same time.
Your skin changes colour to match your surroundings (Stealth+).
Your rubbery body absorbs attacks. (AC +1, EV +1)
((You are camouflaged when in or above water. (Stealth+)))
You have tentacles for arms and can constrict up to eight enemies at once.
You are robust. (+10% HP)
You occasionally shout uncontrollably at your foes.
Your spells are a little harder to cast, but a little more powerful.
You passively dampen the noise of your surroundings.


Message History

There is a stone staircase leading down here.
You climb downwards.
There is a stone staircase leading up here.
HP restored.
An adder comes into view.
You yell at the adder!
The adder hisses angrily.
The adder completely misses you. The adder bites you but does no damage.
You tentacle-slap the adder. Your grab misses the adder. You squeeze the adder.
You kill the adder!
Cheibriados appreciates the change of pace.
Your Fighting skill increases to level 3!
No target in view!
No target in view!
No target in view!
No target in view!
No target in view!
You see here an adder corpse.
You yell at the centaur!
A centaur comes into view.
The centaur shouts!
The centaur wields a +0 shortbow.
The centaur shoots an arrow.
The arrow hits you!
The centaur shoots an arrow.
The arrow hits you.
A centaur is nearby!
A centaur is nearby!
The centaur shoots an arrow.
The arrow hits you!
You are too injured to fight recklessly!
Aiming: Charm
Press: ? - help, Shift-Dir - straight line, f - centaur
Aim: a centaur, wielding a +0 shortbow (chance to affect: 61%)
The centaur resists with significant effort.
The centaur shoots an arrow.
The arrow closely misses you.
The centaur shoots an arrow.
The arrow hits you!
* * * LOW HITPOINT WARNING * * *
Aiming: Charm
Press: ? - help, Shift-Dir - straight line, f/p - centaur
Aim: a centaur, wielding a +0 shortbow (chance to affect: 61%)
The centaur resists with significant effort.
The centaur shoots an arrow.
The arrow hits you!
You die...

#.# #.# #.# #.#
#.# #.# ##
#####.###.# #.#
. #.........#
#.#
#.#........##
#.# #.#####.##.#
#.# #.## #.##.#
#.#
.#..###.###.##.#
#.#
..c....@.†..##.#
#.#
..#####.######.#
#.# #.# #.#
###.# #.# #.#
#...# #.# #.#
#.### #.# #.#
#.# ..# #<# #.#
.## #.# #.#
.#######.# #.#


You could see a centaur.

Vanquished Creatures
  Menkaure (D:5)
  A black bear (D:5)
  An ice beast (D:5)
  A jelly (D:5)
  2 orc priests (D:3)
  Jessica (D:3)
  Terence (D:3)
  An iguana (D:4)
  A gnoll (D:1)
  5 adders
  A worm (D:2)
  2 dart slugs (D:1)
  5 orcs
  6 ball pythons
  6 endoplasms
  3 giant cockroaches
  6 goblins
  10 hobgoblins
  2 quokkas (D:1)
  3 bats
  4 kobolds
  3 rats
66 creatures vanquished.

Vanquished Creatures (collateral kills)
  2 orcs (D:3)
2 creatures vanquished.

Vanquished Creatures (others)
  An orc wizard (D:5)
1 creature vanquished.

Grand Total: 69 creatures vanquished

Notes
Turn   | Place    | Note
-------+----------+-------------------------------------------
     0 | D:1      | M4edhros the Octopode Artificer began the quest for the
                  | Orb.
     0 | D:1      | Reached XP level 1. HP: 13/13 MP: 1/1
    64 | D:1      | Found Zetzah's Distillery.
   177 | D:1      | Reached XP level 2. HP: 16/18 MP: 2/2
   283 | D:2      | Reached skill level 1 in Unarmed Combat
   356 | D:3      | Gained mutation: You have hidden genetic potential. [potion
                  | of mutation]
   356 | D:3      | Gained mutation: You occasionally shout uncontrollably at
                  | your foes. [potion of mutation]
   356 | D:3      | Gained mutation: You passively dampen the noise of your
                  | surroundings. [potion of mutation]
   357 | D:3      | Reached XP level 3. HP: 7/23 MP: 3/3
   364 | D:3      | Reached XP level 4. HP: 11/29 MP: 4/4
   385 | D:3      | Gained mutation: You are robust. (+10% HP) [hidden
                  | potential]
   464 | D:3      | Noticed Terence
   474 | D:3      | Killed Terence
   634 | D:3      | Noticed Jessica
   642 | D:3      | Killed Jessica
   643 | D:3      | Reached XP level 5. HP: 37/37 MP: 5/5
   651 | D:3      | Gained mutation: Your spells are a little harder to cast,
                  | but a little more powerful. [hidden potential]
   651 | D:3      | Lost mutation: You have hidden genetic potential. [hidden
                  | potential expressed]
   876 | D:5      | Entered Level 5 of the Dungeon
   913 | D:5      | Noticed a black bear
   917 | D:5      | Killed a black bear
   918 | D:5      | Reached XP level 6. HP: 45/45 MP: 6/6
   936 | D:5      | Noticed an ice beast
   947 | D:5      | Killed an ice beast
   971 | D:5      | Found a staircase to the Ecumenical Temple.
   977 | D:5      | Noticed Menkaure
   991 | D:5      | Killed Menkaure
   992 | D:5      | Reached XP level 7. HP: 28/49 MP: 7/7
  1008 | Temple   | Entered the Ecumenical Temple
  1259 | Temple   | Became a worshipper of Cheibriados the Contemplative
  1866 | D:1      | Reached * piety under Cheibriados
  2311 | D:3      | Found an ancient bone altar of Kikubaaqudgha.
  2336 | D:3      | Noticed Sigmund
  2611 | D:5      | Shot with an arrow by a centaur

Illustrated notes

Levels and vault maps discovered:
D:1:      giann_forest_graveyard, layout_loops_ring, serial_shops,
          nicolae_shop_hallway_plus, feat_on_display
D:2:      layout_rooms, minmay_misc_feat_columns
D:3:      layout_rooms, mainiacjoe_overflow_surrounded_room,
          ebering_ecumenical_altar_petrified, ebering_ghost_sewer_f,
          uniq_sigmund, uniq_terence, uniq_jessica
D:4:      layout_basic, guppyfry_shop_venom
D:5:      layout_loops_ring, temple_statues, uniq_menkaure, uniq_blork_the_orc
Temple:   mainiacjoe_temple_cubbyholes

Skill      XL: |  1  2  3  4  5  6  7 |
---------------+----------------------+-----
Stealth        | 2 3 4 |  4.4
Unarmed Combat | 1 2 3 4 |  4.2
Fighting       | 2 3 |  3.0
Dodging        | 3 |  3.9
Evocations     | 4 |  4.7

Action                   |  1- 3 |  4- 6 |  7- 9 || total
-------------------------+-------+-------+-------++-------
Melee: Unarmed           |    28 |    26 |    66 ||   120
       Constrict         |     6 |     6 |    16 ||    28
       Tentacles         |     6 |     4 |    19 ||    29
       Punch             |     1 |     1 |       ||     2
Evoke: Wand              |     7 |    14 |     3 ||    24
  Use: Potion            |     2 |       |       ||     2
 Stab: Sleeping          |     3 |     4 |    16 ||    23
       Confused          |       |       |     1 ||     1
Armor: Skin              |       |     2 |     2 ||     4
Dodge: Dodged            |    13 |    11 |    32 ||    56

Table legend: (Time is in decaauts)
 A = Elapsed time spent in this place.
 B = Non-inter-level travel time spent in this place.
 C = Inter-level travel time spent in this place.
 D = Time resting spent in this place.
 E = Time spent auto-exploring this place.
 F = Levels seen in this place.
 G = Mean time per level.
                   A        B        C        D        E       F      G
               +--------+--------+--------+--------+--------+-----+--------+
         Total |   3001 |   2562 |    439 |     63 |   1781 |   6 |  500.2 |
       Dungeon |   2653 |   2310 |    343 |     63 |   1547 |   5 |  530.6 |
        Temple |    347 |    251 |     96 |      0 |    234 |   1 |  347.0 |
               +--------+--------+--------+--------+--------+-----+--------+

Top non-repeatable levels by time:
     D:1: 876 daAuts
     D:2: 517 daAuts
     D:3: 513 daAuts
     D:4: 465 daAuts
  Temple: 347 daAuts
     D:5: 282 daAuts
